 Dungeon Crawl Stone Soup version 0.20.1-1-g8b1a95d (webtiles) character file.

88 Irenicus the Ruffian (level 4, -1/66 HPs)
             Began as a Troll Chaos Knight on Oct 10, 2017.
             Slain by matthes123's ghost (9 damage)
             ... on level 3 of the Dungeon.
             The game lasted 00:02:21 (1085 turns).

Irenicus the Ruffian (Troll Chaos Knight)           Turns: 1085, Time: 00:02:22

Health: -1/66      AC:  7    Str: 22 (25) XL:     4   Next: 29%
Magic:  3/3        EV: 10    Int:  5 (8)  God:    Xom [..*...]
Gold:   87         SH:  0    Dex:  7 (10) Spells: 3/3 levels left

rFire    + . .     SeeInvis .     - Unarmed
rCold    + . .     Gourm    +   (no shield)
rNeg     . . .     Faith    .   a - +2 robe
rPois    +         Spirit   .   (helmet restricted)
rElec    +         Reflect  .   (no cloak)
rCorr    +         Harm     .   (gloves unavailable)
MR       .....                  (boots unavailable)
Stlth    ..........             (no amulet)
Regen    0.7/turn               (no ring)
MPRegen  0.1/turn               (no ring)

@: berserking, resistant, very quick
A: unfitting armour, claws 3, fast metabolism 3, gourmand, regeneration 1,
shaggy fur 1, tough skin 2
a: Renounce Religion


You were on level 3 of the Dungeon.
You worshipped Xom.
You were a toy of Xom.
You were not hungry.

You visited 1 branch of the dungeon, and saw 3 of its levels.

You collected 87 gold pieces.

Inventory:

Armour
 a - a +2 robe (worn)
Scrolls
 d - 2 scrolls of teleportation {unknown}
 h - a scroll of enchant weapon {unknown}
 i - a scroll of magic mapping {unknown}
 l - a scroll of amnesia {unknown}
 n - a scroll of identify {unknown}
Potions
 g - a potion of degeneration
 j - a potion of heal wounds {unknown}
 k - a potion of ambrosia {unknown}
Comestibles
 b - 3 bread rations
 f - a meat ration
 m - a royal jelly


   Skills:
 - Level 2.4 Fighting
 - Level 1.9 Dodging
 + Level 5.1 Unarmed Combat


You had 3 spell levels left.
You didn't know any spells.

Dungeon Overview and Level Annotations

Branches:
Dungeon (3/15)

Altars:
Makhleb

Annotations:
D:3 matthes123's ghost, amateur MiFi


Innate Abilities, Weirdness & Mutations

You are too large for most types of armour.
You have claws for hands.
Your metabolism is lightning-fast.
You like to eat raw meat.
Your natural rate of healing is unusually fast.
You are covered in fur. (AC +1)
You have very tough skin. (AC +2)


Message History

Matthes123's ghost is severely damaged.
Matthes123's ghost hits you!
* * * LOW HITPOINT WARNING * * *
It was a potion of resistance.
You feel protected.
Xom thinks this is hilarious!
Matthes123's ghost hits you.
* * * LOW HITPOINT WARNING * * *
It was a potion of degeneration.
There was something very wrong with that liquid.
You feel weakened.
You feel dopey.
You feel clumsy. Matthes123's ghost closely misses you.
It was a potion of berserk rage.
A red film seems to cover your vision as you go berserk!
You feel yourself moving faster!
You feel mighty! Matthes123's ghost hits you.
* * * LOW HITPOINT WARNING * * *
You claw matthes123's ghost!
Matthes123's ghost is almost destroyed.
Matthes123's ghost hits you!
You die...

#####.....#<..
#...........#.#
#.<##....#.##.##
#..###.#.#......
#.†##........>(#
#......#.#..#..#
###..###......#..#
#..........#.##W.#
#.#..........##@.# #
#.##..###.#####[.######.#.
##.##..#
#............)....
#......#
..................
#..###.##..########..###$#
.......##..# #..#
...######..# ####..# ...#
#..# #.....# ...# #..#
#.##.##


You could see matthes123's ghost.

Vanquished Creatures
  A hound (D:2)
  An adder (D:2)
  An ooze (D:2)
  A dart slug (D:1)
  2 leopard geckos (D:1)
  3 bats
  A giant cockroach (D:2)
  3 goblins
  8 hobgoblins
  4 frilled lizards
  9 kobolds
  9 rats
  A bush (D:1)
44 creatures vanquished.

Notes
Turn   | Place    | Note
-------+----------+-------------------------------------------
     0 | D:1      | Irenicus the Troll Chaos Knight began the quest for the Orb.
     0 | D:1      | Reached XP level 1. HP: 22/22 MP: 0/0
   113 | D:1      | Reached XP level 2. HP: 29/29 MP: 1/1
   226 | D:1      | Reached skill level 4 in Unarmed Combat
   359 | D:1      | Reached XP level 3. HP: 36/36 MP: 2/2
   720 | D:2      | Found a burning altar of Makhleb.
   724 | D:2      | Reached XP level 4. HP: 43/44 MP: 3/3
   724 | D:2      | XOM: divination: detect items
   734 | D:2      | Reached skill level 5 in Unarmed Combat
  1070 | D:3      | Noticed matthes123's ghost (amateur MiFi)
  1085 | D:3      | Slain by matthes123's ghost

Skill      XL: |  1  2  3  4 |
---------------+-------------+-----
Unarmed Combat | 4 5 |  5.1
Fighting       | |  2.4
Dodging        | |  1.9

Action                   |  1- 3 |  4- 6 || total
-------------------------+-------+-------++-------
Melee: Unarmed           |   121 |    25 ||   146
       Punch             |     1 |       ||     1
  Use: Potion            |       |     3 ||     3
  Eat: Chunk             |     5 |     2 ||     7
Armor: Robe              |    34 |     6 ||    40
Dodge: Dodged            |    47 |     8 ||    55
